 Dungeon Crawl Stone Soup version 0.17-a0-1914-gde4187c (webtiles) character file.

42289 wvc the Warrior (level 13, -1/127 HPs)
             Began as a Minotaur Wanderer on Sept 26, 2015.
             Was a Priest of Ashenzari.
             Slain by a lindwurm (6 damage)
             ... on level 7 of the Lair of Beasts.
             The game lasted 00:51:13 (23375 turns).

wvc the Warrior (Minotaur Wanderer)                Turns: 23375, Time: 00:51:14

Health: -1/127     AC: 12    Str: 15    XL:     13   Next: 84%
Magic:  12/12      EV: 20    Int: 16    God:    Ashenzari [***...]
Gold:   1329       SH:  0    Dex: 12    Spells: 1 memorised, 10 levels left

rFire  . . .     SeeInvis +     I - +3 quarterstaff
rCold  + . .     Clarity  .     t - +0 troll leather armour {rC+} (curse)
rNeg   . . .     SustAt   .     (no shield)
rPois  .         Gourm    .     (helmet restricted)
rElec  .         Spirit   .     O - +1 cloak {+Inv} (curse)
rCorr  .         Warding  .     j - +0 pair of gloves (curse)
rMut   .         Stasis   .     i - +0 pair of boots (curse)
MR     .....                    (no amulet)
Stlth  ++........               v - ring of flight
                                r - +2 ring of protection

@: flying, not resistant to hostile enchantments, unstealthy
A: retaliatory headbutt, horns 2, clever 1, mutation resistance 1, wild magic 1
a: Scrying, Renounce Religion, Evoke Invisibility, Stop Flying


You were on level 7 of the Lair of Beasts.
You worshipped Ashenzari.
Ashenzari was most pleased with you.
You were not hungry.

You visited 3 branches of the dungeon, and saw 20 of its levels.
You also visited: Ice Cave.

You collected 1503 gold pieces.
You spent 174 gold pieces at shops.

Inventory:

Hand weapons
 b - a +2 blowgun
 A - a +1 vampiric demon whip
 I - a +3 quarterstaff (weapon)
 L - a +1 lajatang
Missiles
 a - 7 curare-tipped needles
 k - 34 poisoned needles
Armour
 i - a cursed +0 pair of boots (worn)
 j - a cursed +0 pair of gloves (worn)
 t - a cursed +0 troll leather armour of cold resistance (worn)
 O - a cursed +1 cloak of invisibility (worn)
Jewellery
 m - an uncursed amulet of warding
 q - an uncursed ring of ice
 r - a +2 ring of protection (left hand)
 v - a ring of flight (right hand)
 x - an uncursed ring of stealth
 J - an uncursed ring of sustain attributes
 S - an uncursed ring of positive energy
Magical devices
 y - a wand of confusion (21)
 E - a wand of confusion (34)
 G - a wand of magic darts (24)
 N - a wand of digging (14)
 U - a wand of flame (33)
Scrolls
 d - a scroll of teleportation
 n - 5 scrolls of recharging
 u - 6 scrolls of amnesia
 D - 5 scrolls of curse jewellery
 F - a scroll of blinking
 M - 2 scrolls of curse armour
 T - a scroll of silence
 Y - a scroll of enchant armour
Potions
 e - 3 potions of flight
 f - 3 potions of lignification
 h - 6 potions of curing
 l - 3 potions of brilliance
 o - a potion of cure mutation
 w - 2 potions of resistance
 z - a potion of experience {unknown}
 H - a potion of cancellation {unknown}
 K - 2 potions of magic
 R - a potion of might
 W - a potion of agility
Books
 c - a book of the Sky

   Spells                             Type                      Level
   a - Summon Lightning Spire         Summoning/Air                4
   b - Airstrike                      Air                          4
   c - Silence                        Hexes/Air                    5
   d - Deflect Missiles               Charms/Air                   6
   e - Conjure Ball Lightning         Conjuration/Air              6
   f - Tornado                        Air                          9
 s - a Necronomicon

   Spells                             Type                      Level
   a - Haunt                          Necromancy/Summoning         7
   b - Borgnjor's Revivification      Necromancy                   8
   c - Death's Door                   Charms/Necromancy            8
   d - Necromutation                  Transmutation/Necromancy     8
 Z - a book of Power

   Spells                             Type                      Level
   a - Fulminant Prism                Conjuration/Hexes            4
   b - Iskenderun's Mystic Blast      Conjuration                  4
   c - Venom Bolt                     Conjuration/Poison           5
   d - Bolt of Magma                  Conjuration/Fire/Earth       5
   e - Iron Shot                      Conjuration/Earth            6
   f - Orb of Destruction             Conjuration                  7
   g - Spellforged Servitor           Conjuration/Summoning        7
Comestibles
 g - 17 bread rations
 B - 8 fruits
 C - 13 meat rations


   Skills:
 + Level 15.4 Fighting
   Level 1.1 Short Blades
 - Level 14.1 Staves
 - Level 1.0 Throwing
 + Level 9.1 Armour
 + Level 15.0(16.6) Dodging
 - Level 3.2(4.9) Stealth
 + Level 1.0 Evocations


You had 10 spell levels left.
You knew the following spells:

 Your Spells              Type           Power        Failure   Level  Hunger
a - Stoneskin             Trmt/Erth      #.......     61%         2    ###....


Dungeon Overview and Level Annotations

Branches:
Dungeon (12/15)            Temple (1/1) D:7            Lair (7/8) D:11
 Shoals (0/4) Lair:3        Snake (0/4) Lair:4          Orc (0/4) D:11
  Slime: Lair:6-8

Altars:
Ashenzari
Dithmenos
Elyvilon
Fedhas
Gozag
Kikubaaqudgha
Makhleb
Nemelex Xobeh
Qazlal
Ru
Sif Muna
Trog
Vehumet
Xom
Yredelemnul
Zin
The Shining One
Beogh

Shops:
D:7 *(   D:8 *

Annotations:
D:3 exclusion: door
D:11 exclusion: door
D:12 Azrael
Lair:5 exclusion: oklob plant


Innate Abilities, Weirdness & Mutations

You reflexively headbutt those who attack you in melee.
You have a pair of horns on your head.
Your mind is acute. (Int +2)
You are somewhat resistant to further mutation.
Your spells are a little harder to cast, but a little more powerful.


Message History

The lindwurm claws you but does no damage. x2
You sock the lindwurm! You headbutt the lindwurm.
The lindwurm is severely wounded.
You thump the lindwurm!
You kill the lindwurm!
Your Evocations skill increases to level 1!
Evoke which item? (* to show all) (? for menu, Esc to quit)
Zapping:
E - a wand of confusion (will waste charges)
Press: ? - help, Shift-Dir - straight line, f/p - lindwurm
Aim: a lindwurm (chance to defeat MR: 30%)
The lindwurm easily resists.
Evoking this partially-identified wand wasted a few charges.
You barely miss the lindwurm. The lindwurm breathes flames at you.
The blast of flame hits you!
* * * LOW HITPOINT WARNING * * *
You hit the lindwurm.
The lindwurm is lightly wounded.
The lindwurm barely misses you. The lindwurm claws you.
You die...

#.......§§§§≈≈≈≈.......PP..#..P..
#.....§≈≈§≈≈§≈≈≈≈≈.....P......[..
.....≈≈≈≈≈≈≈≈≈≈§≈≈≈....PPP....#..
#...≈≈≈§§≈≈§≈≈§≈≈≈≈≈....##.#.....
P...≈≈≈§§≈ ...≈§§§≈≈.§..##..##...
...≈≈≈≈≈.. #..§§§≈≈≈.......###..
./.≈≈≈≈≈.. #..≈≈≈≈≈...#..#.#..!
...≈≈≈≈..# ,,,#..≈≈≈≈§...........
..≈≈≈≈≈..# ∆*#@≈≈≈≈≈.........#.
..≈≈≈≈§.##()"%##k§§§≈≈.#.#.###...
...≈≈§§..#.=$.#..§§§§....### ..P#
...§§§≈≈..####..§§§≈§§....# ,...#
...§§≈§≈§..##...§§§§§.....#*,. .#
....§≈§≈§≈....≈≈§§§≈......#* , ##
....§≈≈≈≈≈§≈≈≈≈§≈≈§§.....## *,,*
.†...≈≈≈≈§§≈≈≈≈§§§§......# ***
......≈≈≈≈≈§§≈§§§≈§.(.P###


You could see a lindwurm.

Vanquished Creatures
  Josephine (Lair:7)
  2 hydras
  Erica (D:8)
  4 death yaks (Lair:5)
  An ice devil (IceCv)
  Nergalle (Lair:3)
  An unseen horror (D:10)
  2 lindwurms (Lair:7)
  2 hill giants (D:10)
  2 ice statues (IceCv)
  2 ugly things
  11 elephants
  7 spiny frogs
  A gargoyle (D:10)
  Psyche (D:11)
  9 black mambas
  A fire drake (Lair:4)
  4 komodo dragons
  A polar bear (Lair:2)
  6 blue devils (IceCv)
  10 blink frogs
  3 trolls
  A boulder beetle (Lair:6)
  Sigmund (D:6)
  22 yaks
  4 wraiths
  2 shadows (D:12)
  A fire elemental (D:12)
  3 hungry ghosts
  6 wolves (Lair:4)
  A basilisk (Lair:3)
  A steam dragon (D:11)
  2 deep elf magi
  2 hippogriffs
  Menkaure (D:6)
  9 water moccasins
  The ghost of derrpe the Firebug, an average TeFE (D:4)
  9 porcupines
  Duvessa (D:6)
  2 black bears
  2 necrophages
  5 orc warriors
  An eye of draining (D:9)
  3 hell hounds (D:12)
  3 sky beasts
  8 ogres
  3 wasps
  2 ice beasts
  7 crocodiles
  A phantom (D:9)
  9 centaurs
  A big kobold (D:8)
  A brain worm (D:12)
  Blork the orc (D:6)
  17 giant frogs
  A gnoll sergeant (D:7)
  6 scorpions
  Dowan (D:6)
  5 wights (D:11)
  6 killer bees
  3 crimson imps
  The ghost of Duffy the Cudgeler, a weakling VSFi (D:3)
  2 giant frog zombies (D:11)
  11 orc wizards
  A quasit (D:9)
  Ijyb (D:2)
  6 iguanas
  Jessica (D:2)
  3 giant frog skeletons
  6 hounds
  5 orc priests
  10 worker ants
  A hell rat (Lair:3)
  27 sheep
  3 hound skeletons
  36 river rats
  9 adders
  5 gnolls (D:7)
  7 white imps (IceCv)
  A shadow imp (D:8)
  A giant eyeball (Lair:7)
  8 ufetubi (IceCv)
  3 oozes
  An adder skeleton (D:4)
  2 worms
  5 giant geckos
  77 orcs
  10 ball pythons
  4 bats
  4 giant cockroaches
  14 hobgoblins
  17 jackals
  8 kobolds
  6 quokkas
  A ball python skeleton (D:4)
  A giant gecko skeleton (D:4)
  4 giant newts
  20 goblins
  6 rats
  2 fungi (Lair:7)
558 creatures vanquished.

Vanquished Creatures (others)
  A lindwurm (Lair:7)
  An orc wizard (D:3)
  2 white imps (IceCv)
  A rat (D:2)
  A bush (Lair:5)
  13 fungi
  6 plants
25 creatures vanquished.

Grand Total: 583 creatures vanquished

Notes
Turn   | Place    | Note
--------------------------------------------------------------
     0 | D:1      | wvc the Minotaur Wanderer began the quest for the Orb.
     0 | D:1      | wvc set off with: 3 curare-tipped needles, a +2 blowgun, a +0 quarterstaff, a scroll of teleportation, a +0 robe, a +0 dagger, a bread ration, a !bad item (cl:100,ty:0,pl:0,pl2:0,sp:0,qu:0), a !bad item (cl:100,ty:0,pl:0,pl2:0,sp:0,qu:0), a !bad item (cl:100,ty:0,pl:0,pl2:0,sp:0,qu:0), a !bad item (cl:100,ty:0,pl:0,pl2:0,sp:0,qu:0), a !bad item (cl:100,ty:0,pl:0,pl2:0,sp:0,qu:0), a !bad item (cl:100,ty:0,pl:0,pl2:0,sp:0,qu:0), a !bad item (cl:100,ty:0,pl:0,pl2:0,sp:0,qu:0), a !bad item (cl:100,ty:0,pl:0,pl2:0,sp:0,qu:0), a !bad item (cl:100,ty:0,pl:0,pl2:0,sp:0,qu:0), a !bad item (cl:100,ty:0,pl:0,pl2:0,sp:0,qu:0), a !bad item (cl:100,ty:0,pl:0,pl2:0,sp:0,qu:0), a !bad item (cl:100,ty:0,pl:0,pl2:0,sp:0,qu:0), a !bad item (cl:100,ty:0,pl:0,pl2:0,sp:0,qu:0), a !bad item (cl:100,ty:0,pl:0,pl2:0,sp:0,qu:0), a !bad item (cl:100,ty:0,pl:0,pl2:0,sp:0,qu:0), a !bad item (cl:100,ty:0,pl:0,pl2:0,sp:0,qu:0), a !bad item (cl:100,ty:0,pl:0,pl2:0,sp:0,qu:0), a !bad item (cl:100,ty:0,pl:0,pl2:0,sp:0,qu:0), a !bad item (cl:100,ty:0,pl:0,pl2:0,sp:0,qu:0), a !bad item (cl:100,ty:0,pl:0,pl2:0,sp:0,qu:0), a !bad item (cl:100,ty:0,pl:0,pl2:0,sp:0,qu:0), a !bad item (cl:100,ty:0,pl:0,pl2:0,sp:0,qu:0), a !bad item (cl:100,ty:0,pl:0,pl2:0,sp:0,qu:0), a !bad item (cl:100,ty:0,pl:0,pl2:0,sp:0,qu:0), a !bad item (cl:100,ty:0,pl:0,pl2:0,sp:0,qu:0), a !bad item (cl:100,ty:0,pl:0,pl2:0,sp:0,qu:0), a !bad item (cl:100,ty:0,pl:0,pl2:0,sp:0,qu:0), a !bad item (cl:100,ty:0,pl:0,pl2:0,sp:0,qu:0), a !bad item (cl:100,ty:0,pl:0,pl2:0,sp:0,qu:0), a !bad item (cl:100,ty:0,pl:0,pl2:0,sp:0,qu:0), a !bad item (cl:100,ty:0,pl:0,pl2:0,sp:0,qu:0), a !bad item (cl:100,ty:0,pl:0,pl2:0,sp:0,qu:0), a !bad item (cl:100,ty:0,pl:0,pl2:0,sp:0,qu:0), a !bad item (cl:100,ty:0,pl:0,pl2:0,sp:0,qu:0), a !bad item (cl:100,ty:0,pl:0,pl2:0,sp:0,qu:0), a !bad item (cl:100,ty:0,pl:0,pl2:0,sp:0,qu:0), a !bad item (cl:100,ty:0,pl:0,pl2:0,sp:0,qu:0), a !bad item (cl:100,ty:0,pl:0,pl2:0,sp:0,qu:0), a !bad item (cl:100,ty:0,pl:0,pl2:0,sp:0,qu:0), a !bad item (cl:100,ty:0,pl:0,pl2:0,sp:0,qu:0), a !bad item (cl:100,ty:0,pl:0,pl2:0,sp:0,qu:0), a !bad item (cl:100,ty:0,pl:0,pl2:0,sp:0,qu:0), a !bad item (cl:100,ty:0,pl:0,pl2:0,sp:0,qu:0), a !bad item (cl:100,ty:0,pl:0,pl2:0,sp:0,qu:0), a !bad item (cl:100,ty:0,pl:0,pl2:0,sp:0,qu:0)
     0 | D:1      | Reached XP level 1. HP: 16/16 MP: 0/0
   232 | D:1      | Reached XP level 2. HP: 12/23 MP: 1/1
   800 | D:2      | Reached XP level 3. HP: 19/28 MP: 2/2
   944 | D:2      | Found a sparkling altar of Nemelex Xobeh.
  1219 | D:2      | Reached skill level 4 in Staves
  1269 | D:2      | Noticed Ijyb
  1317 | D:2      | Killed Ijyb
  1317 | D:2      | Reached skill level 1 in Armour
  1317 | D:2      | Reached XP level 4. HP: 3/35 MP: 3/3
  1635 | D:2      | Noticed Jessica
  1643 | D:2      | Killed Jessica
  1886 | D:3      | Reached skill level 5 in Staves
  1892 | D:3      | Found an opulent altar of Gozag.
  2113 | D:3      | Reached XP level 5. HP: 21/40 MP: 4/4
  2242 | D:3      | Noticed Duffy's ghost (weakling VSFi)
  2247 | D:3      | Killed Duffy's ghost
  2247 | D:3      | Reached skill level 6 in Staves
  2375 | D:3      | Found an opulent altar of Gozag.
  2600 | D:3      | Found a deep blue altar of Sif Muna.
  3027 | D:3      | Found a sparkling altar of Nemelex Xobeh.
  3208 | D:3      | Reached skill level 7 in Staves
  3208 | D:3      | Reached XP level 6. HP: 31/47 MP: 5/5
  3744 | D:4      | Reached skill level 8 in Staves
  3909 | D:4      | Reached XP level 7. HP: 52/52 MP: 6/6
  3964 | D:4      | Noticed derrpe's ghost (average TeFE)
  3984 | D:4      | Killed derrpe's ghost
  3984 | D:4      | Reached skill level 9 in Staves
  4648 | D:5      | Entered Level 5 of the Dungeon
  4712 | D:5      | Reached skill level 10 in Staves
  5079 | D:5      | Reached XP level 8. HP: 29/59 MP: 7/7
  5498 | D:5      | Found a burning altar of Makhleb.
  5499 | D:5      | Found a glowing silver altar of Zin.
  5659 | D:5      | Found a stormy altar of Qazlal.
  5748 | D:5      | Found a glowing golden altar of the Shining One.
  5907 | D:5      | Found a radiant altar of Vehumet.
  6027 | D:5      | Reached skill level 11 in Staves
  6250 | D:6      | Noticed Blork the orc
  6260 | D:6      | Killed Blork the orc
  6510 | D:6      | Noticed Dowan
  6512 | D:6      | Noticed Duvessa
  6523 | D:6      | Killed Dowan
  6527 | D:6      | Killed Duvessa
  6527 | D:6      | Reached skill level 12 in Staves
  6966 | D:6      | Noticed Menkaure
  6974 | D:6      | Killed Menkaure
  7422 | D:6      | Reached skill level 13 in Staves
  7427 | D:6      | Noticed Sigmund
  7439 | D:6      | Killed Sigmund
  7526 | D:7      | Reached XP level 9. HP: 64/64 MP: 8/8
  7912 | D:7      | Found Dykapt's Elemental Accessories.
  8200 | D:7      | Found a staircase to the Ecumenical Temple.
  8213 | D:7      | Reached skill level 14 in Staves
  8219 | Temple   | Entered the Ecumenical Temple
  8612 | D:7      | Found Efaesap's Weapon Shoppe.
  8634 | D:7      | Found a blossoming altar of Fedhas.
  9058 | D:8      | Found Qape's General Store.
  9213 | D:8      | Bought a scroll of enchant armour for 90 gold pieces
  9213 | D:8      | Bought a potion of agility for 48 gold pieces
  9213 | D:8      | Bought a scroll of remove curse for 36 gold pieces
  9463 | D:8      | Noticed Erica
  9483 | D:8      | Killed Erica
  9483 | D:8      | Reached skill level 5 in Dodging
  9657 | D:8      | Reached XP level 10. HP: 73/80 MP: 9/9
  9850 | D:8      | Reached skill level 5 in Fighting
  9850 | D:8      | Reached skill level 5 in Armour
  9854 | D:8      | Gained mutation: Your mind is acute. (Int +2) [mutagenic meat]
  9855 | D:8      | Gained mutation: Your spells are a little harder to cast, but a little more powerful. [mutagenic meat]
  9856 | D:8      | Gained mutation: You are somewhat resistant to further mutation. [mutagenic meat]
  9996 | D:9      | Paralysed by a wasp for 1 turns
 10043 | D:9      | Found a basalt altar of Yredelemnul.
 10223 | D:9      | HP: 3/83 [yak (13)]
 10224 | D:9      | HP: 1/83 [yak (1)]
 10909 | D:9      | Identified a scroll of acquirement
 10957 | D:9      | Found a roughly hewn altar of Beogh.
 11091 | D:10     | Entered Level 10 of the Dungeon
 11407 | D:10     | Reached XP level 11. HP: 51/97 MP: 10/10
 11513 | D:10     | Killed an unseen horror
 11923 | D:10     | Noticed a hill giant
 11949 | D:10     | Killed a hill giant
 12347 | D:11     | Found a staircase to the Orcish Mines.
 12423 | D:11     | Reached skill level 10 in Fighting
 12650 | D:11     | Noticed Psyche
 12665 | D:11     | Killed Psyche
 12677 | D:11     | Found a staircase to the Lair.
 12776 | D:11     | Learned a level 2 spell: Stoneskin
 13082 | D:11     | Found a roughly hewn altar of Beogh.
 13591 | D:12     | Noticed Azrael
 13615 | D:12     | Reached skill level 10 in Dodging
 14368 | Temple   | Became a worshipper of Ashenzari the Shackled
 14576 | D:10     | Noticed a hill giant
 14587 | D:10     | Killed a hill giant
 14646 | Lair:1   | Entered Level 1 of the Lair of Beasts
 14695 | Lair:1   | Reached XP level 12. HP: 80/112 MP: 11/11
 16144 | Lair:2   | Acquired Ashenzari's first power
 16943 | Lair:3   | Found a staircase to the Shoals.
 18057 | Lair:4   | Noticed Nergalle
 18297 | Lair:4   | Found a staircase to the Snake Pit.
 18457 | Lair:3   | Killed Nergalle
 19083 | Lair:5   | Acquired Ashenzari's second power
 19206 | Lair:5   | Reached XP level 13. HP: 123/123 MP: 12/12
 20410 | Lair:6   | Found a frozen archway.
 20426 | IceCv    | Entered an ice cave
 21879 | Lair:6   | Acquired Ashenzari's third power
 22523 | Lair:7   | Reached skill level 15 in Fighting
 22552 | Lair:7   | Noticed Josephine
 22586 | Lair:7   | Killed Josephine
 22948 | Lair:7   | Reached skill level 15 in Dodging
 23351 | Lair:7   | Identified the amulet of Moqos {Spirit MR+ SInv}
 23369 | Lair:7   | HP: 6/127 [lindwurm (16)]
 23372 | Lair:7   | Reached skill level 1 in Evocations
 23374 | Lair:7   | HP: 5/127 [lindwurm/blast of flame (31)]
 23375 | Lair:7   | Slain by a lindwurm

Vault maps used:
D:1:      tarquinn_simple_flora_water_d, serial_park_tiny_2
D:2:      kennysheep_goblin_castle, first_bread,
          nemelex_xobeh_ov_fountains_minmay, uniq_jessica
D:3:      grunt_temple_overflow_opulence, led_sif_book, serial_bayou_lagoon_a,
          hangedman_decor_peaks_small,
          nicolae_gozag_cash_rules_everything_around_me
D:5:      corexii_shack_village, grunt_qazlal_sundering,
          nicolae_overflow_hidden_temple, kennysheep_mini
D:6:      uniq_duvessa, uniq_sigmund, uniq_blork_the_orc, uniq_menkaure
D:7:      fedhas_altar_fruit_tree, minmay_temple_entry_statues_fountains,
          serial_shops, shop_fountains, nicolae_elemental_shop
D:8:      blue_anna_alchemist, kennysheep_small_circle, uniq_erica
D:9:      lemuel_doored_altar, special_room
D:11:     lair_0_dummy, minmay_orc_entry_temple_small, minmay_misc_feat_hallway,
          uniq_psyche
D:12:     serial_shops, shop, spider_trap, uniq_azrael
Temple:   temple_island_7
Lair:3:   minmay_shoals_entry_centaurs, serial_bayou_pond_b
Lair:4:   minmay_snake_entry_six_corridors, grunt_forest_large_clearings,
          uniq_nergalle
Lair:6:   portal_ice_cave_entry_pillars_01
Lair:7:   minmay_lindwurm_lava, uniq_josephine
IceCv:    ice_cave_small_demon

Action                   |  1- 3 |  4- 6 |  7- 9 | 10-12 | 13-15 || total
-------------------------+-------+-------+-------+-------+-------++-------
Melee: Quarterstaff      |   106 |   203 |   382 |  1214 |   654 ||  2559
       Lajatang          |       |       |       |    10 |       ||    10
Throw: Throwing net      |       |       |       |     2 |       ||     2
 Abil: Evoke Flight      |       |       |       |       |     1 ||     1
Evoke: Wand              |       |       |       |     3 |    33 ||    36
  Use: Scroll            |       |    11 |     7 |    22 |     5 ||    45
       Potion            |       |     5 |     4 |     5 |     8 ||    22
 Stab: Sleeping          |     3 |       |     6 |    14 |     1 ||    24
       Distracted        |     1 |       |       |       |       ||     1
  Eat: Chunk             |     1 |     2 |     8 |    12 |       ||    23
       Fruit             |       |     5 |       |    31 |    13 ||    49
       Pizza             |       |     1 |     1 |     1 |       ||     3
       Meat ration       |       |       |     2 |       |       ||     2
       Beef jerky        |       |       |       |     6 |     1 ||     7
       Royal jelly       |       |       |       |     3 |       ||     3
